 Dungeon Crawl Stone Soup version 0.22-a0-396-g3f858e3 (webtiles) character file.

4876 Borgoz the Cleaver (level 10, -5/91 HPs)
             Began as a Hill Orc Abyssal Knight on May 3, 2018.
             Was an Elder of Lugonu.
             Slain by an orc warrior
             ... wielding a +0 hand axe
              (18 damage)
             ... on level 9 of the Dungeon.
             The game lasted 00:24:49 (11674 turns).

Borgoz the Cleaver (Hill Orc Abyssal Knight)       Turns: 11674, Time: 00:24:50

Health: -5/91      AC: 13    Str: 19    XL:     10   Next: 50%
Magic:  15/15      EV:  8    Int: 12    God:    Lugonu [****..]
Gold:   505        SH:  0    Dex: 13    Spells: 9/9 levels left

rFire    . . .     SeeInvis .   a - +2 war axe (venom)
rCold    . . .     Gourm    .   (no shield)
rNeg     + . .     Faith    .   e - +0 plate armour
rPois    .         Spirit   .   d - +0 hat
rElec    .         Reflect  .   (no cloak)
rCorr    .         Harm     .   (no gloves)
MR       .....                  (no boots)
Stlth    ..........             y - amulet of rage
HPRegen  0.25/turn              o - ring of positive energy
MPRegen  0.14/turn              t - +3 ring of strength

@: no status effects
A: no striking features
a: Depart the Abyss, Bend Space, Banish, Corrupt, Renounce Religion, Convert to
Beogh, Evoke Berserk Rage


You were on level 9 of the Dungeon.
You worshipped Lugonu.
Lugonu was greatly pleased with you.
You were hungry.

You visited 1 branch of the dungeon, and saw 9 of its levels.
You visited the Abyss 1 time.

You collected 505 gold pieces.

Inventory:

Hand Weapons
 a - a +2 war axe of venom (weapon)
 b - a +3 mace of freezing
 D - a +1 hand axe
Missiles
 z - a throwing net (quivered)
Armour
 d - a +0 hat (worn)
 e - a +0 plate armour (worn)
Jewellery
 o - a ring of positive energy (left hand)
 t - a +3 ring of strength (right hand)
 y - an amulet of rage (around neck)
Wands
 p - a wand of paralysis (9)
 s - a wand of flame (17)
 v - a wand of digging (27)
 x - a wand of disintegration (11)
Scrolls
 g - 7 scrolls of remove curse
 h - 3 scrolls of amnesia {unknown}
 i - 2 scrolls of noise
 k - 3 scrolls of random uselessness
 n - a scroll of enchant weapon {unknown}
 q - a scroll of immolation {unknown}
 r - 2 scrolls of teleportation
 u - 3 scrolls of magic mapping
 C - a scroll of enchant armour {unknown}
Potions
 f - a potion of resistance
 j - a potion of cancellation
 l - 2 potions of curing
 m - a potion of mutation
 w - a potion of degeneration
 B - a potion of lignification
Comestibles
 c - 14 rations


   Skills:
 * Level 9.1 Fighting
 * Level 9.4 Axes
 * Level 7.9 Armour
 * Level 5.8 Dodging
 + Level 6.9 Invocations
 + Level 3.1 Evocations


You had 9 spell levels left.
You didn't know any spells.

Dungeon Overview and Level Annotations

Branches:
Dungeon (9/15)             Temple (0/1) D:4             Orc (0/2) D:9
   Lair: D:8-11

Altars:
Ashenzari
Gozag
Makhleb
Nemelex Xobeh
Trog
Vehumet
The Shining One
Beogh

Shops:
D:6 =


Message History

Unknown command.
You closely miss the orc warrior.
The orc warrior is severely wounded.
You slash the orc!
You kill the orc!
Lugonu accepts your kill.
The orc priest invokes the aid of Beogh against the orc priest.
Beogh smites you!
The orc warrior hits you with a hand axe!
The orc warrior hits you from afar with a halberd!
* * * LOW HITPOINT WARNING * * *
The orc priest threatens, "By the altar or by the axe, you will meet Beogh!"
You hit the orc warrior but do no damage.
The orc warrior looks as sick as possible!
The orc warrior is almost dead.
The orc priest calls down the wrath of Beogh upon you.
Beogh smites you!
* * * LOW HITPOINT WARNING * * *
The orc warrior hits you with a hand axe!!
You die...

#...........................
#.#############.............
### #........########
##........# #.........#
#)###'##### #.###.# #).####
###### #@o# #....#
#))8o....####....#
#..ooo..(#..'....'
#..8oo⌠..####.(..#
#..#oo...# #....# #..#o....#
#....# #..#8._.># ######
#..#.....#


You could see 2 orc warriors, 3 orc priests and 5 orcs.

Vanquished Creatures
  A hippogriff (D:9)
  Sigmund (D:2)
  4 yaks (D:8)
  A hungry ghost (D:8)
  The ghost of Totori the Shooter, an amateur HuHu of Ru (D:3)
  Edmund (D:6)
  Menkaure (D:7)
  3 orc warriors (D:9)
  A phantom (D:9)
  2 black bears (D:7)
  2 ice beasts
  5 ogres
  2 centaurs
  A crocodile (D:7)
  4 bullfrogs
  A water moccasin zombie (D:7)
  A scorpion (D:6)
  4 wights
  3 howler monkeys (D:9)
  2 crimson imps
  3 jellies
  A centaur zombie (D:7)
  Crazy Yiuf (D:2)
  A bullfrog skeleton (D:5)
  A centaur skeleton (D:8)
  5 orc priests
  4 hounds
  6 orc wizards
  3 iguanas
  4 worker ants
  2 hound zombies
  A hound skeleton (D:6)
  2 worker ant zombies
  Robin (D:2)
  3 gnolls (D:8)
  A howler monkey skeleton (D:8)
  9 adders
  2 shadow imps
  An adder skeleton (D:4)
  An adder zombie (D:7)
  2 worms (D:2)
  A dart slug (D:1)
  7 leopard geckos
  37 orcs
  4 giant cockroaches
  21 goblins
  7 hobgoblins
  10 jackals
  7 kobolds
  4 quokkas
  7 ball pythons
  6 bats
  6 frilled lizards
  2 quokka skeletons
  3 rats
217 creatures vanquished.

Vanquished Creatures (others)
  A yak (D:8)
  An ice beast (D:6)
  An orc warrior (D:9)
  An orc priest (D:9)
4 creatures vanquished.

Grand Total: 221 creatures vanquished

Notes
Turn   | Place    | Note
-------+----------+-------------------------------------------
     0 | Abyss:1  | Borgoz the Hill Orc Abyssal Knight began the quest for the Orb.
     0 | Abyss:1  | Reached XP level 1. HP: 19/19 MP: 2/2
     9 | Abyss:1  | Found a corrupted altar of Lugonu.
    44 | Abyss:2  | Found a shattered altar of Ashenzari.
    91 | Abyss:2  | Noticed a starcursed mass
    92 | D:1      | Escaped the Abyss
   158 | D:1      | Reached * piety under Lugonu
   164 | D:1      | Reached skill level 1 in Dodging
   164 | D:1      | Reached XP level 2. HP: 17/27 MP: 3/3
   472 | D:1      | Reached XP level 3. HP: 14/33 MP: 5/5
   709 | D:2      | Noticed Robin
   717 | D:2      | Reached ** piety under Lugonu
   767 | D:2      | Killed Robin
   767 | D:2      | Reached XP level 4. HP: 39/40 MP: 6/6
   807 | D:2      | Noticed Sigmund
   840 | D:2      | Killed Sigmund
   840 | D:2      | Reached XP level 5. HP: 23/47 MP: 7/7
   952 | D:2      | Found a faded altar of an unknown god.
  1134 | D:2      | Found a runed door.
  1203 | D:2      | Reached XP level 6. HP: 48/55 MP: 8/8
  1423 | D:2      | Reached skill level 5 in Fighting
  1434 | D:2      | Found a glowing golden altar of the Shining One.
  1589 | D:2      | Noticed Crazy Yiuf
  1600 | D:2      | Killed Crazy Yiuf
  1860 | D:3      | Found a burning altar of Makhleb.
  1861 | D:3      | Found a radiant altar of Vehumet.
  1924 | D:3      | Noticed Totori's ghost (amateur HuHu)
  1960 | D:3      | Killed Totori's ghost
  1960 | D:3      | Reached skill level 5 in Axes
  1960 | D:3      | Reached XP level 7. HP: 27/61 MP: 8/10
  2299 | D:3      | Found a bloodstained altar of Trog.
  2521 | D:4      | Reached *** piety under Lugonu
  3316 | D:4      | Found a staircase to the Ecumenical Temple.
  3937 | D:5      | Entered Level 5 of the Dungeon
  4377 | D:5      | Found an opulent altar of Gozag.
  4415 | D:5      | Reached XP level 8. HP: 68/70 MP: 11/11
  4714 | D:5      | Reached skill level 5 in Armour
  5783 | D:6      | Found Util's Jewellery Shoppe.
  5850 | D:6      | Found a shattered altar of Ashenzari.
  5963 | D:6      | Reached skill level 5 in Invocations
  6450 | D:6      | Noticed Edmund
  6495 | D:6      | Killed Edmund
  6865 | D:6      | Got a bound amber ring
  6931 | D:6      | Identified the cursed ring "Posin" {*Drain rElec rPois Dex-6} (You found it on level 6 of the Dungeon)
  7089 | D:7      | Reached XP level 9. HP: 32/79 MP: 13/13
  7303 | D:6      | Reached skill level 1 in Evocations
  7633 | D:7      | Noticed Menkaure
  7643 | D:7      | Killed Menkaure
  8253 | D:8      | Found a sparkling altar of Nemelex Xobeh.
  8688 | D:8      | Reached skill level 5 in Dodging
  8910 | D:8      | Reached **** piety under Lugonu
  9361 | D:8      | Reached XP level 10. HP: 67/90 MP: 14/14
 10680 | D:9      | Found a roughly hewn altar of Beogh.
 10680 | D:9      | Found a staircase to the Orcish Mines.
 11042 | D:9      | Found a sparkling altar of Nemelex Xobeh.
 11674 | D:9      | Slain by an orc warrior

Vault maps used:
D:1:      saegor_arrival_miasma, solitary_fountain, item_on_display_a
D:2:      lemuel_doored_altar, chequers_ecumenical_altar_simple_redux,
          serial_glass, glass_columns_a, glass_columns_a, glass_columns_b,
          first_ration, kennysheep_path_1, uniq_sigmund, uniq_robin,
          uniq_crazy_yiuf_cottage
D:3:      grunt_temple_overflow_lords_of_destruction, overflow_temple_1_default
D:4:      minmay_temple_entry_purple_smoke
D:5:      nicolae_overflow_crystal_walls
D:6:      ashenzari_altar_1, serial_shops, shop_statue, uniq_edmund
D:7:      grunt_ogre_cave, uniq_menkaure
D:8:      nemelex_xobeh_ov_fountains_minmay
D:9:      david_orc_5, basic_altar
Abyss:1:  hangedman_classic_abyss_death

Skill      XL: |  1  2  3  4  5  6  7  8  9 10 |
---------------+-------------------------------+-----
Dodging        | 1 2 3 4 5 |  5.8
Axes           | 3 4 5 7 8 9 |  9.4
Fighting       | 4 5 6 7 8 9 |  9.1
Invocations    | 3 4 5 6 |  6.9
Armour         | 3 4 6 7 |  7.9
Evocations     | 2 3 |  3.1

Action                   |  1- 3 |  4- 6 |  7- 9 | 10-12 || total
-------------------------+-------+-------+-------+-------++-------
Melee: Hand axe          |   119 |   175 |   708 |   135 ||  1137
       War axe           |       |       |       |    79 ||    79
Invok: Depart the Abyss  |     1 |       |       |       ||     1
       Banish            |       |       |     1 |     3 ||     4
 Abil: Evoke Berserk Rag |       |       |     2 |       ||     2
  Use: Potion            |     1 |     2 |     7 |       ||    10
       Scroll            |       |       |    10 |     1 ||    11
 Stab: Invisible         |       |     1 |     1 |       ||     2
       Distracted        |       |       |     1 |       ||     1
  Eat: Chunk             |       |     4 |    25 |     5 ||    34
       Ration            |       |       |       |     4 ||     4
Armor: Leather armour    |    29 |       |       |       ||    29
       Plate armour      |    31 |   105 |   423 |   125 ||   684
       Skin              |       |     4 |     9 |       ||    13
Dodge: Dodged            |    85 |    45 |   183 |    62 ||   375

Table legend:
 A = Spawn XP
 B = Non-spawn XP
 C = Spawn XP percentage of total XP
 D = Spawn monster count
 E = Non-spawn monster count
 F = Spawn count percentage of total count
 G = Total turns spent on level
                    A         B        C        D         E        F      G
               +---------+---------+-------+---------+---------+-------+---------
         Total |       0 |    6966 |   0.0 |       0 |     221 |   0.0 | 11674
               +---------+---------+-------+---------+---------+-------+---------
           D:1 |       0 |      46 |   0.0 |       0 |      27 |   0.0 |   649
           D:2 |       0 |     366 |   0.0 |       0 |      30 |   0.0 |  1031
           D:3 |       0 |     276 |   0.0 |       0 |      17 |   0.0 |   734
           D:4 |       0 |     288 |   0.0 |       0 |      18 |   0.0 |  1431
           D:5 |       0 |     669 |   0.0 |       0 |      24 |   0.0 |  1504
           D:6 |       0 |     744 |   0.0 |       0 |      13 |   0.0 |  1845
           D:7 |       0 |     960 |   0.0 |       0 |      21 |   0.0 |   958
           D:8 |       0 |    2055 |   0.0 |       0 |      28 |   0.0 |  1719
           D:9 |       0 |    1562 |   0.0 |       0 |      43 |   0.0 |  1711
               +---------+---------+-------+---------+---------+-------+---------
